 Dungeon Crawl Stone Soup version 0.29.1-13-g9f3cf754e1 (webtiles) character file.

Game seed: 12474093614933762156

102 xian the Vexing (level 4, -5/23 HPs)
             Began as a Spriggan Arcane Marksman on Jan 28, 2023.
             Slain by Sigmund
             ... wielding a +4 scythe of protection
              (7 damage)
             ... on level 2 of the Dungeon.
             The game lasted 00:03:27 (1561 turns).

xian the Vexing (Spriggan Arcane Marksman)          Turns: 1561, Time: 00:03:28

Health: -5/23      AC:  2    Str:  8    XL:     4   Next: 50%
Magic:  7/7        EV: 17    Int: 14    God:
Gold:   63         SH:  0    Dex: 15    Spells: 5/6 levels left

rFire   . . .      SeeInvis +   a - +1 sling
rCold   . . .      Faith    .   (no shield)
rNeg    . . .      Spirit   .   c - +0 robe
rPois   .          Reflect  .   (helmet restricted)
rElec   .          Harm     .   (no cloak)
rCorr   .          Rampage  .   (gloves unavailable)
Will    .....                   (boots unavailable)
Stlth   +.........              (no amulet)
HPRegen 0.07/turn               (no ring)
MPRegen 0.10/turn               (no ring)

@: very quick
A: very small, no large weapons, unfitting armour, see invisible, speed 3
a: no special abilities


You were on level 2 of the Dungeon.
You visited 1 branch of the dungeon, and saw 2 of its levels.

You collected 63 gold pieces.

Inventory:

Hand Weapons
 a - a +1 sling (weapon)
Armour
 c - a +0 robe (worn)
Jewellery
 l - a +6 ring of intelligence
Scrolls
 b - a scroll of poison
 e - a scroll of identify {unknown}
 h - a scroll of enchant armour {unknown}
Potions
 d - 2 potions of heal wounds {unknown}
 f - a potion of haste {unknown}
 g - a potion of brilliance {unknown}
 i - a potion of invisibility {unknown}
 j - a potion of cancellation {unknown}
 k - a potion of might {unknown}


   Skills:
 + Level 2.3 Fighting
 + Level 3.3 Ranged Weapons
 + Level 2.9 Dodging
 + Level 0.1 Stealth
 + Level 1.5 Spellcasting
 + Level 4.0 Hexes


You had 5 spell levels left.
You knew the following spells:

 Your Spells              Type           Power      Damage    Failure   Level
a - Slow                  Hex            48%        N/A       4%          1

Your spell library contained the following spells:

 Spells                   Type           Power      Damage    Failure   Level
 Inner Flame              Hex/Fire       6%         N/A       32%         3
 Portal Projectile        Hex/Tloc       12%        N/A       32%         3
 Cause Fear               Hex            6%         N/A       43%         4


Dungeon Overview and Level Annotations

Branches:
Dungeon (2/15)

Altars:

Shops:
D:1 =

Annotations:
D:2 Sigmund


Innate Abilities, Weirdness & Mutations

You are very small and have problems with some larger weapons.
You are too small for most types of armour.
You have supernaturally acute eyesight. (SInv)
You cover ground extremely quickly. (Speed+++)


Message History

Sigmund misses you.
You shoot a sling bullet. The sling bullet hits Sigmund.
Sigmund is heavily wounded.
You shoot a sling bullet.
The sling bullet closely misses Sigmund.
Sigmund hits you from afar with a +4 scythe of protection!
You shoot a sling bullet.
The sling bullet closely misses Sigmund.
Sigmund hits you from afar with a +4 scythe of protection.
You are too injured to fight recklessly!
You are too injured to fight recklessly!
You are too injured to fight recklessly!
You are too injured to fight recklessly!
You are too injured to fight recklessly!
Fire: a) +1 sling
Press: ? - help, Q - select action, (/) - cycle Shift-Dir - straight line, f/p - Sigmund
Aim: Sigmund, wielding a +4 scythe of protection and wearing a +0 robe (heavily wounded, 55% to hit)
You shoot a sling bullet.
The sling bullet hits Sigmund but does no damage.
Sigmund is heavily wounded.
Sigmund barely misses you.
Fire: a) +1 sling
Press: ? - help, Q - select action, (/) - cycle Shift-Dir - straight line, f/p - Sigmund
Aim: Sigmund, wielding a +4 scythe of protection and wearing a +0 robe (heavily wounded, 55% to hit)
You shoot a sling bullet. The sling bullet barely misses Sigmund.
Sigmund hits you from afar with a +4 scythe of protection.
Fire: a) +1 sling
Press: ? - help, Q - select action, (/) - cycle Shift-Dir - straight line, f/p - Sigmund
Aim: Sigmund, wielding a +4 scythe of protection and wearing a +0 robe (heavily wounded, 55% to hit)
You shoot a sling bullet. The sling bullet hits Sigmund.
Sigmund is heavily wounded.
Fire: a) +1 sling
Press: ? - help, Q - select action, (/) - cycle Shift-Dir - straight line, f/p - Sigmund
Aim: Sigmund, wielding a +4 scythe of protection and wearing a +0 robe (heavily wounded, 55% to hit)
You shoot a sling bullet. The sling bullet hits Sigmund.
Sigmund is severely wounded.
Sigmund hits you from afar with a +4 scythe of protection!
* * * LOW HITPOINT WARNING * * *
Sigmund hits you from afar with a +4 scythe of protection!
You die...

##.#### #..#
#.....# #..# #####
#..##.###..####...#
#..##............)#
...........####...#
#.#######.## ##.##
..# #)# #.##### ###
#.######..##.## #
#.......@.@...# #
..#######.##.## #
... #>##.# # #.##@#
# #.##.# #
#.##@#####.# .
#.##.......# #.
#.##.####### . #.#


You could see Sigmund.

Vanquished Creatures
  Jessica (D:1)
  2 gnolls (D:1)
  2 adders (D:2)
  3 ball pythons (D:1)
  6 bats (D:1)
  An endoplasm (D:1)
  4 giant cockroaches (D:1)
  7 goblins
  5 hobgoblins (D:1)
  3 frilled lizards (D:1)
  A kobold (D:2)
  3 rats (D:1)
38 creatures vanquished.

Notes
Turn   | Place    | Note
-------+----------+-------------------------------------------
     0 | D:1      | xian the Spriggan Arcane Marksman began the quest for the
                  | Orb.
     0 | D:1      | Reached XP level 1. HP: 9/9 MP: 3/3
   217 | D:1      | Reached skill level 4 in Hexes
   217 | D:1      | Reached XP level 2. HP: 14/14 MP: 5/5
   231 | D:1      | Reached skill level 1 in Fighting
   256 | D:1      | Found Qokk's Jewellery Shoppe.
   647 | D:1      | Reached XP level 3. HP: 18/18 MP: 6/6
  1404 | D:2      | Reached XP level 4. HP: 23/23 MP: 7/7
  1419 | D:2      | Noticed Sigmund
  1422 | D:2      | Noticed Jessica
  1448 | D:1      | Killed Jessica
  1561 | D:2      | Slain by Sigmund

Illustrated notes

Levels and vault maps discovered:
D:1:      dpeg_arrival_prison, layout_basic, serial_shops, shop,
          reono_crystal_passage
D:2:      layout_loops_ring, uniq_robin, uniq_sigmund, uniq_jessica

Skill      XL: |  1  2  3  4 |
---------------+-------------+-----
Hexes          | 4 |  4.0
Fighting       | 1 2 |  2.3
Ranged Weapons | 3 |  3.3
Dodging        | |  2.9
Stealth        | |  0.1
Spellcasting   | |  1.5

Action                   |  1- 3 |  4- 6 || total
-------------------------+-------+-------++-------
 Fire: Sling             |   113 |    20 ||   133
 Cast: Slow              |     3 |     2 ||     5
Armor: Robe              |     8 |       ||     8
Dodge: Dodged            |    49 |     7 ||    56
